Construct Infanterie Kompanie
Selects Breakthrough Battlegroup
Selects Assault Grenadiers
Construct Panzergrenadier Kompanie
Nebelwerfer 42 Rocket Launcher Team
Selects 2.5-tonne Cargo Truck
Pak 40 Anti-tank Gun Team
Construct Panzer Kompanie
Selects Smoke Bombing Run
Selects Incendiary Bombing Run
Nebelwerfer 42 Rocket Launcher Team